 Dungeon Crawl Stone Soup version 0.29-a0-350-g7790a0e70a (webtiles) character file.

Game seed: 14632958110739571630

595 sammy202020 the Skirmisher (level 7, -5/59 HPs)
             Began as a Palentonga Fighter on Apr 23, 2022.
             Slain by a yak (11 damage)
             ... on level 5 of the Dungeon.
             The game lasted 00:05:30 (5002 turns).

sammy202020 the Skirmisher (Palentonga Fighter)     Turns: 5002, Time: 00:05:31

Health: -5/59      AC: 18    Str: 20    XL:     7   Next: 17%
Magic:  7/7        EV:  5    Int: 10    God:
Gold:   267        SH:  4    Dex:  9    Spells: 6/6 levels left

rFire   . . .      SeeInvis +   a - +0 war axe
rCold   . . .      Faith    .   c - +0 buckler
rNeg    . . .      Spirit   .   m - +0 chain mail
rPois   +          Reflect  .   i - +1 helmet
rElec   .          Harm     .   (no cloak)
rCorr   .          Rampage  .   s - +0 pair of gloves
Will    .....                   (no barding)
Stlth   ..........              (no amulet)
HPRegen 0.19/turn               j - ring of poison resistance
MPRegen 0.10/turn               (no ring)

@: mighty, curled up
A: large, rugged brown scales 3, see invisible, deformed body, roll 1, armoured
tail, reflexive curl
a: Rolling Charge


You were on level 5 of the Dungeon.
You visited 1 branch of the dungeon, and saw 5 of its levels.

You collected 267 gold pieces.

Inventory:

Hand Weapons
 a - a +0 war axe (weapon)
 g - a +0 vorpal hunting sling
 u - a +0 flail
Missiles
 p - 6 poisoned darts
Armour
 c - a +0 buckler (worn)
 i - a +1 helmet (worn)
 m - a +0 chain mail (worn)
 s - a +0 pair of gloves (worn)
Jewellery
 j - a ring of poison resistance (left hand)
Scrolls
 e - 2 scrolls of magic mapping
 h - a scroll of fog
 q - a scroll of teleportation
Potions
 b - a potion of ambrosia {unknown}
 f - 4 potions of flight
 k - 3 potions of lignification
 l - a potion of brilliance {unknown}
 n - a potion of invisibility {unknown}
 o - a potion of attraction {unknown}
 r - 3 potions of resistance
 t - a potion of degeneration {unknown}
 v - a potion of berserk rage {unknown}
 w - a potion of curing {unknown}


   Skills:
 * Level 5.3 Fighting
 * Level 4.7 Axes
 + Level 3.6 Armour
 + Level 3.5 Shields


You had 6 spell levels left.
You didn't know any spells.
Your spell library contained the following spells:

 Spells                   Type           Power      Damage    Failure   Level
 Apportation              Tloc           0%         N/A       99%         1
 Blink                    Tloc           0%         N/A       100%        2
 Lesser Beckoning         Tloc           0%         N/A       100%        3
 Alistair's Intoxication  Tmut/Pois      0%         N/A       100%        5
 Manifold Assault         Tloc           0%         N/A       100%        5


Dungeon Overview and Level Annotations

Branches:
Dungeon (5/15)
 Temple: D:4-7

Altars:
Cheibriados
Elyvilon
Makhleb
Wu Jian
Yredelemnul
Zin


Innate Abilities, Weirdness & Mutations

You are completely covered in rugged brown scales. (AC +3, +7% HP)
You have supernaturally acute eyesight. (SInv)
Armour fits poorly on your strangely shaped body.
You can roll at nearby foes to attack.
You have a long armoured tail.
You curl defensively after being hit. (AC +7*)


Message History

You barely miss the yak. The yak gores you.
You barely miss the yak. The yak gores you.
You slash the yak!
The yak is lightly wounded.
The yak gores you. The yak completely misses you.
You hit the yak.
The yak is lightly wounded.
The yak closely misses you.
You hit the yak.
The yak is moderately wounded.
The yak gores you!
You slash the yak!
The yak is moderately wounded.
The yak gores you! The yak gores you but does no damage.
You hit the yak.
The yak is heavily wounded.
The yak gores you.
You hit the yak.
The yak is heavily wounded.
The yak gores you!
Okay, then.
You feel very mighty all of a sudden. The yak gores you.
* * * LOW HITPOINT WARNING * * *
You slash the yak!
Your tail-slap misses the yak.
The yak is almost dead.
You block the yak's attack. The yak gores you.
* * * LOW HITPOINT WARNING * * *
You barely miss the yak.
The yak is almost dead.
The yak gores you!
* * * LOW HITPOINT WARNING * * *
You slice the yak!!
You kill the yak!
You have reached level 7!
You now curl defensively after being hit.
You barely miss the yak. You tail-slap the yak.
The yak is almost dead.
The yak gores you!
You die...

#############
.YY.YYY@....#
.##########.# #####
#.########....
#.##.....<....
#.##.#####.###
.#########.#..#####.###
.......................
.#######............#..
##.......###..#.


You could see 5 yaks.

Vanquished Creatures
  A yak (D:5)
  An ice beast (D:3)
  2 hounds (D:4)
  2 jellies
  Natasha (thrice) (D:4)
  Robin (D:4)
  A gnoll (D:1)
  A river rat (D:3)
  2 adders (D:2)
  2 worms (D:3)
  3 dart slugs
  6 endoplasms
  4 giant cockroaches
  13 goblins
  9 hobgoblins
  3 jackals (D:1)
  5 quokkas
  16 ball pythons
  7 bats
  8 frilled lizards
  4 kobolds
  6 rats
100 creatures vanquished.

Vanquished Creatures (others)
  7 plants
7 creatures vanquished.

Grand Total: 107 creatures vanquished

Notes
Turn   | Place    | Note
-------+----------+-------------------------------------------
     0 | D:1      | sammy202020 the Palentonga Fighter began the quest for the
                  | Orb.
     0 | D:1      | Reached XP level 1. HP: 19/19 MP: 1/1
    89 | D:1      | Reached XP level 2. HP: 20/25 MP: 2/2
   561 | D:1      | Reached XP level 3. HP: 31/31 MP: 3/3
  1767 | D:2      | Reached XP level 4. HP: 30/39 MP: 4/4
  1784 | D:2      | Found a faded altar of an unknown god.
  2683 | D:3      | Noticed an ice beast
  2688 | D:3      | Killed an ice beast
  2689 | D:3      | Reached skill level 4 in Fighting
  2689 | D:3      | Reached XP level 5. HP: 44/44 MP: 5/5
  2872 | D:3      | Found a burning altar of Makhleb.
  2875 | D:3      | Found a basalt altar of Yredelemnul.
  2889 | D:3      | Found a glowing silver altar of Zin.
  2892 | D:3      | Found an ornate altar of the Wu Jian Council.
  3853 | D:4      | Reached XP level 6. HP: 44/52 MP: 6/6
  3946 | D:4      | Noticed Robin
  3950 | D:4      | Killed Robin
  4366 | D:4      | Noticed Natasha
  4379 | D:4      | Killed Natasha
  4589 | D:4      | Found a white marble altar of Elyvilon.
  4679 | D:4      | Noticed Natasha
  4681 | D:4      | Killed Natasha
  4761 | D:4      | Noticed Natasha
  4767 | D:4      | Killed Natasha
  4844 | D:5      | Entered Level 5 of the Dungeon
  4862 | D:5      | Reached skill level 5 in Fighting
  4948 | D:5      | Found a snail-covered altar of Cheibriados.
  4948 | D:5      | Noticed a torpor snail
  4948 | D:5      | Noticed a torpor snail
  4950 | D:5      | Noticed a torpor snail
  4983 | D:5      | Noticed a yak
  4984 | D:5      | Noticed a yak
  4984 | D:5      | Noticed a yak
  4985 | D:5      | Noticed a yak
  4985 | D:5      | Noticed a yak
  4985 | D:5      | Noticed a yak
  5001 | D:5      | Killed a yak
  5002 | D:5      | Gained mutation: You curl defensively after being hit. (AC
                  | +7*) [Palentonga growth]
  5002 | D:5      | Reached XP level 7. HP: 6/59 MP: 7/7
  5002 | D:5      | Slain by a yak

Illustrated notes

Levels and vault maps discovered:
D:1:      eino_arrival_cavern_e, layout_loops_ring, minmay_lizard_pond
D:2:      layout_basic, nicolae_ecumenical_snake_handling, chequers_big_river
D:3:      layout_basic, grunt_temple_overflow_cloverleaf,
          gup_sewer_entry_spiral, hangedman_feature_mirror,
          kennysheep_cross_bottleneck
D:4:      layout_loops_corners, nicolae_elyvilon_temple_path,
          grunt_ministairs_10, minmay_misc_feat_ornament, due_unseen_surprise,
          uniq_natasha, uniq_robin
D:5:      cheibrodos_quashed, layout_loops_ring, cheibriados_altar_2,
          overflow_temple_1_default, dk_noncrumbling_2, lightli_church_of_beogh

Skill      XL: |  1  2  3  4  5  6 |
---------------+-------------------+-----
Axes           | 3 4 |  4.7
Fighting       | 4 5 |  5.3
Armour         | 3 |  3.6
Shields        | 3 |  3.5

Action                   |  1- 3 |  4- 6 |  7- 9 || total
-------------------------+-------+-------+-------++-------
Melee: War axe           |   111 |   159 |     1 ||   271
       Tailslap          |     4 |    18 |     1 ||    23
 Abil: Rolling Charge    |     2 |    12 |       ||    14
  Use: Scroll            |     8 |     3 |       ||    11
       Potion            |       |     1 |       ||     1
Armor: Scale mail        |    67 |    20 |       ||    87
       Chain mail        |       |    58 |       ||    58
Dodge: Dodged            |    45 |    43 |       ||    88
Block: Buckler           |    19 |    30 |       ||    49

Table legend: (Time is in decaauts)
 A = Elapsed time spent in this place.
 B = Non-inter-level travel time spent in this place.
 C = Inter-level travel time spent in this place.
 D = Time resting spent in this place.
 E = Time spent auto-exploring this place.
 F = Levels seen in this place.
 G = Mean time per level.
                   A        B        C        D        E       F      G
               +--------+--------+--------+--------+--------+-----+--------+
         Total |   5147 |   5012 |    135 |    790 |   3445 |   5 | 1029.4 |
       Dungeon |   5147 |   5012 |    135 |    790 |   3445 |   5 | 1029.4 |
               +--------+--------+--------+--------+--------+-----+--------+

Top non-repeatable levels by time:
     D:2: 1446 daAuts
     D:4: 1352 daAuts
     D:1: 1280 daAuts
     D:3: 904 daAuts
     D:5: 163 daAuts
